 Dungeon Crawl Stone Soup version 0.30.0 (webtiles) character file.

Game seed: 8678947710185063167

1714 waue2000 the Conjurer (level 9, -13/62 HPs)
             Began as a Human Conjurer on Jan 6, 2024.
             Mangled by a two-headed ogre
             ... wielding a +0 giant spiked club
              (34 damage)
             ... on level 6 of the Dungeon on Jan 7, 2024.
             The game lasted 02:07:01 (4980 turns).

waue2000 the Conjurer (Human Conjurer)              Turns: 4980, Time: 02:07:01

Health: -13/62     AC:  5    Str:  9    XL:     9   Next: 24%
Magic:  6/16       EV: 13    Int: 22    God:
Gold:   236        SH:  0    Dex: 11    Spells: 9/17 levels left

rFire   + + .        t - +1 dagger of World Downfall {spect, rElec rF+ rN+ Will-}
rCold   . . .        (no shield)
rNeg    + . .        D - +2 robe {rF+}
rPois   .            r - +0 helmet
rElec   +            (no cloak)
rCorr   .            (no gloves)
SInv    .            (no boots)
Will    .....        j - amulet of regeneration
Stlth   ++           u - ring of willpower
HPRegen 1.10/turn    (no ring)
MPRegen 0.15/turn

%: no passive effects
@: no status effects
A: no striking features
a: no special abilities


You were on level 6 of the Dungeon.
You visited 1 branch of the dungeon, and saw 6 of its levels.
You also visited: Sewer.

You collected 306 gold pieces.
You spent 70 gold pieces at shops.

Inventory:

Hand Weapons
 h - a +2 spear of venom
 s - a +0 quick blade
 t - the +1 dagger of World Downfall (weapon) {spect, rElec rF+ rN+ Will-}
   (You found it on level 4 of the Dungeon)

   rF:        It protects you from fire.
   rElec:     It insulates you from electricity.
   rN:        It protects you from negative energy.
   Will:      It decreases your willpower.
Missiles
 e - 5 curare-tipped darts
 g - 2 javelins
 o - 26 poisoned darts
Armour
 r - a +0 helmet (worn)
 D - a +2 robe of fire resistance (worn)
 E - an orb of guile
 F - a +2 buckler
Magical Staves
 a - a staff of air
Jewellery
 j - an amulet of regeneration (around neck)
 u - a ring of willpower (left hand)
Wands
 G - a wand of flame (20)
Scrolls
 c - 2 scrolls of teleportation
 m - a scroll of vulnerability {unknown}
 n - 2 scrolls of identify
 p - 2 scrolls of amnesia {unknown}
 v - a scroll of butterflies {unknown}
 w - a scroll of brand weapon {unknown}
 x - a scroll of immolation {unknown}
 y - a scroll of blinking {unknown}
 A - 2 scrolls of fear {unknown}
 B - a scroll of magic mapping {unknown}
 H - a scroll of enchant armour {unknown}
Potions
 b - a potion of magic
 d - a potion of attraction {unknown}
 f - 3 potions of haste
 i - 5 potions of brilliance
 k - a potion of resistance {unknown}
 l - 2 potions of curing
 q - 2 potions of heal wounds
 z - 3 potions of mutation {unknown}
 C - 2 potions of flight {unknown}


   Skills:
 + Level 2.8 Fighting
 + Level 3.3(3.6) Short Blades
 + Level 1.7(2.8) Long Blades
 + Level 3.5 Polearms
 + Level 1.3 Throwing
 + Level 4.4 Dodging
 + Level 4.2 Stealth
 + Level 4.8 Spellcasting
 + Level 6.3 Conjurations
 + Level 0.9 Transmutations
 + Level 0.8 Earth Magic


You had 9 spell levels left.
You knew the following spells:

 Your Spells              Type           Power      Damage    Failure   Level
a - Magic Dart            Conj           100%       1d8       1%          1
b - Searing Ray           Conj           66%        2d6       1%          2
c - Passwall              Tmut/Erth      7%         N/A       11%         2
d - Stone Arrow           Conj/Erth      42%        3d9       7%          3

Your spell library contained the following spells:

 Spells                   Type           Power      Damage    Failure   Level
 Sandblast                Erth           18%        2d7       7%          1
 Dazzling Flash           Conj/Hex       38%        N/A       9%          3
 Ensorcelled Hibernation  Hex/Ice        10%        N/A       16%         2
 Fulminant Prism          Conj/Hex       9%         3d7       28%         4
 Iskenderun's Mystic Bla  Conj/Tloc      19%        2d6       28%         4
 Swiftness                Air            5%         N/A       30%         3
 Summon Forest            Summ/Tloc      2%         N/A       96%         5
 Eringya's Noxious Bog    Tmut/Pois      3%         N/A       100%        6
 Summon Hydra             Summ           2%         N/A       100%        7


Dungeon Overview and Level Annotations

Branches:
Dungeon (6/15)              Sewer (visited)
 Temple: D:4-7

Altars:
Dithmenos
Makhleb
Okawaru
Uskayaw
Xom

Shops:
D:6 !


Message History

Your +1 dagger of World Downfall {spect, rElec rF+ rN+ Will-} hits the two-headed ogre.
The two-headed ogre misses you. The two-headed ogre closely misses you.
You hit the two-headed ogre but do no damage.
The two-headed ogre is heavily wounded.
Your +1 dagger of World Downfall {spect, rElec rF+ rN+ Will-} hits the two-headed ogre.
Your magical contamination has completely faded away.
You barely miss the two-headed ogre.
The two-headed ogre is heavily wounded.
Your +1 dagger of World Downfall {spect, rElec rF+ rN+ Will-} hits the two-headed ogre but does no damage.
The two-headed ogre misses you. The two-headed ogre closely misses you.
You hit the two-headed ogre but do no damage.
The two-headed ogre is heavily wounded.
Your +1 dagger of World Downfall {spect, rElec rF+ rN+ Will-} barely misses the two-headed ogre.
You hit the two-headed ogre.
The two-headed ogre is severely wounded.
Your +1 dagger of World Downfall {spect, rElec rF+ rN+ Will-} barely misses the two-headed ogre.
The two-headed ogre hits you with a +0 giant spiked club!
The two-headed ogre hits you with a +0 giant club!
You hit the two-headed ogre.
The two-headed ogre is severely wounded.
Your +1 dagger of World Downfall {spect, rElec rF+ rN+ Will-} barely misses the two-headed ogre.
You barely miss the two-headed ogre.
The two-headed ogre is severely wounded.
Your +1 dagger of World Downfall {spect, rElec rF+ rN+ Will-} hits the two-headed ogre but does no damage.
The two-headed ogre hits your +1 dagger of World Downfall {spect, rElec rF+ rN+ Will-} with a +0 giant spiked club!
Your spectral weapon shares its damage with you!
The two-headed ogre hits your +1 dagger of World Downfall {spect, rElec rF+ rN+ Will-} with a +0 giant club!
Your spectral weapon shares its damage with you!
Aiming: Searing Ray (safe; 1% risk of failure)
Press: ? - help, Q - select action, (/) - cycle Shift-Dir - straight line, f/p - two-headed ogre
Aim: a two-headed ogre, wielding a +0 giant spiked club and a +0 giant club (severely wounded, not watching you, ally target, 91% to hit)
The searing ray hits the two-headed ogre!
The two-headed ogre is almost dead. (Press . to maintain the ray.)
Your +1 dagger of World Downfall {spect, rElec rF+ rN+ Will-} disappears.
The searing ray hits the two-headed ogre!
The two-headed ogre is almost dead.
The two-headed ogre hits you with a +0 giant spiked club!!
Ouch! That really hurt!
You die...

### .<# #.# #.# #.#
... #.####... .##
#.......# .[.
##@O#. .###..
##.#..###.#.##
#.###.........
#######
##.#..###..## #
#.....#####
##..#......###..#.#
.......[..####
##........[......#
#'#..........#
######...########
#'#⌠...##.##.#
##.##
#'###..##.##.#
##.##


You could see a two-headed ogre.

Vanquished Creatures
  Sigmund (D:5)
  An ice beast (D:5)
  A black bear (D:5)
  An orc warrior (D:6)
  3 ogres
  A centaur (D:4)
  2 kobold brigands (Sewer)
  A bullfrog (D:6)
  A scorpion (D:5)
  A howler monkey (D:4)
  3 orc priests
  2 hounds (D:4)
  A sleepcap (D:4)
  2 iguanas (D:5)
  3 orc wizards
  Robin (D:3)
  7 gnolls
  7 adders
  6 river rats (Sewer)
  An ufetubus (D:4)
  3 worms
  2 dart slugs
  9 orcs
  7 endoplasms
  6 giant cockroaches
  16 goblins
  14 hobgoblins
  2 jackals (D:2)
  3 quokkas
  23 ball pythons
  10 bats
  3 frilled lizards (D:3)
  10 kobolds
  12 rats
166 creatures vanquished.

Vanquished Creatures (others)
  A spectral weapon (D:6)
1 creature vanquished.

Grand Total: 167 creatures vanquished

Notes
Turn   | Place    | Note
-------+----------+-------------------------------------------
     0 | D:1      | waue2000 the Human Conjurer began the quest for the Orb.
     0 | D:1      | Reached XP level 1. HP: 13/13 MP: 3/3
   120 | D:1      | Reached XP level 2. HP: 19/19 MP: 3/5
   127 | D:1      | Found a faded altar of an unknown god.
   340 | D:1      | Reached XP level 3. HP: 22/24 MP: 4/6
   781 | D:2      | Reached skill level 1 in Long Blades
   935 | D:2      | Reached XP level 4. HP: 22/31 MP: 4/7
  1183 | D:2      | Learned a level 2 spell: Searing Ray
  1286 | D:2      | Reached XP level 5. HP: 36/36 MP: 0/8
  1591 | D:3      | Found a hide-covered altar of Uskayaw.
  1671 | D:3      | Found an iron altar of Okawaru.
  1705 | D:3      | Reached skill level 1 in Fighting
  1705 | D:3      | Reached skill level 1 in Polearms
  1736 | D:3      | Noticed an ogre
  1760 | D:3      | Killed an ogre
  1761 | D:3      | Reached skill level 5 in Conjurations
  1761 | D:3      | Reached XP level 6. HP: 43/43 MP: 8/10
  1856 | D:3      | Noticed Robin
  1864 | D:3      | Killed Robin
  1937 | D:3      | Found a shimmering altar of Xom.
  2456 | D:4      | Reached XP level 7. HP: 46/48 MP: 11/11
  2513 | D:4      | Identified the +1 dagger of World Downfall {spect, rElec
                  | rF+ rN+ Will-}
  2589 | D:4      | Found a shadowy altar of Dithmenos.
  2700 | D:4      | Reached skill level 1 in Throwing
  2932 | D:4      | Reached skill level 1 in Short Blades
  3210 | D:5      | Entered Level 5 of the Dungeon
  3236 | D:5      | Reached XP level 8. HP: 56/56 MP: 7/13
  3277 | D:5      | Found a glowing drain.
  3283 | Sewer    | Entered a sewer
  3691 | Sewer    | Learned a level 2 spell: Passwall
  3851 | D:5      | Noticed Sigmund
  3983 | D:5      | Killed Sigmund
  3984 | D:5      | Reached skill level 6 in Conjurations
  4160 | D:5      | Reached XP level 9. HP: 55/62 MP: 3/15
  4335 | D:5      | Found a burning altar of Makhleb.
  4337 | D:5      | Noticed a blizzard demon
  4401 | D:5      | Noticed a hellwing
  4401 | D:5      | Noticed a smoke demon
  4872 | D:6      | Found Arghet's Distillery.
  4888 | D:6      | Bought a potion of heal wounds for 70 gold pieces
  4940 | D:6      | Learned a level 3 spell: Stone Arrow
  4964 | D:6      | Noticed a two-headed ogre
  4980 | D:6      | Mangled by a two-headed ogre

Illustrated notes

Levels and vault maps discovered:
D:1:      ncdulo_halloftheorcs, layout_loops_ring, basic_ecumenical_altar
D:2:      layout_rooms, chequers_arboretum, minmay_shallow_snake_nest
D:3:      layout_basic, marbit_many_paths, mainiacjoe_overflow_brackets,
          okawaru_gym_becter, uniq_robin
D:4:      layout_loops_corners, old_standard_altar, minmay_mini_jars
D:5:      layout_loops_ring, makhleb_altar_promises_db, gup_sewer_entry_bowl,
          item_on_display_a, uniq_sigmund
D:6:      layout_loops_cross, minmay_temple_entry_glass, serial_shops,
          nicolae_shop_real_fake_doors

Skill      XL: |  1  2  3  4  5  6  7  8 |
---------------+-------------------------+-----
Long Blades    | 1 |  1.7
Fighting       | 1 2 |  2.8
Polearms       | 1 2 3 |  3.5
Conjurations   | 5 6 |  6.3
Dodging        | 3 4 |  4.4
Stealth        | 3 4 |  4.2
Spellcasting   | 3 4 |  4.8
Throwing       | 1 |  1.3
Short Blades   | 1 3 |  3.3
Transmutations | |  0.9
Earth Magic    | |  0.8

Action                     |  1- 3 |  4- 6 |  7- 9 || total
---------------------------+-------+-------+-------++-------
  Melee: Long sword        |    44 |       |       ||    44
         Spear             |    15 |    90 |     4 ||   109
         Dagger            |       |       |   211 ||   211
         Punch             |       |       |     2 ||     2
  Throw: Dart              |       |     9 |     1 ||    10
   Cast: Magic Dart        |    32 |    83 |    89 ||   204
         Searing Ray       |       |       |    16 ||    16
         Passwall          |       |       |     5 ||     5
         Stone Arrow       |       |       |     2 ||     2
    Use: Potion            |     1 |     1 |     1 ||     3
         Scroll            |       |       |     4 ||     4
   Stab: Sleeping          |     4 |     1 |     1 ||     6
         Distracted        |       |       |     1 ||     1
 Armour: Robe              |    10 |    23 |    45 ||    78
  Dodge: Dodged            |    42 |    75 |   122 ||   239
